 Dungeon Crawl Stone Soup version 0.30-a0-696-g2367cd04db (webtiles) character file.

Game seed: 5789524580005823456

1859 holysushi the Magician (level 9, -6/62 HPs)
             Began as a Djinni Necromancer on Jan 20, 2023.
             Mangled by an ice beast (18 damage)
             ... on level 6 of the Dungeon on Jan 21, 2023.
             The game lasted 00:15:21 (5219 turns).

holysushi the Magician (Djinni Necromancer)         Turns: 5219, Time: 00:15:21

Health: -6/62      AC:  3    Str:  7    XL:     9   Next: 35%
Gold:   123        EV: 12    Int: 21    God:
                   SH:  0    Dex: 14

rFire   + + .      SeeInvis .    i - +1 lajatang
rCold   x . .      Faith    .    (shield currently unavailable)
rNeg    . . .      Spirit   .    a - +1 robe
rPois   ∞          Reflect  .    (no helmet)
rElec   .          Harm     .    (no cloak)
rCorr   .          Rampage  .    (no gloves)
Will    .....                    (boots unavailable)
Stlth   ++                       u - amulet of the acrobat
HPRegen 0.30/turn                (no ring)
MPRegen 0.00/turn                (no ring)

@: flying
A: sickness immunity, fire resistance 2, cold vulnerability 1, float, innate
caster, HP casting, extra vitality 1
a: no special abilities


You were on level 6 of the Dungeon.
You visited 1 branch of the dungeon, and saw 7 of its levels.
You also visited: Sewer.

You collected 270 gold pieces.
You spent 147 gold pieces at shops.

Inventory:

Hand Weapons
 d - a +0 dagger of holy wrath
 i - a +1 lajatang (weapon)
 p - a +0 rapier
Armour
 a - a +1 robe (worn)
 c - a +0 buckler
Magical Staves
 t - a staff of fire
Jewellery
 q - an amulet of faith
 r - an amulet of reflection
 u - an amulet of the acrobat (around neck)
Wands
 w - a wand of roots (11)
Scrolls
 f - a scroll of teleportation
 n - a scroll of enchant armour
 o - 3 scrolls of vulnerability
 s - a scroll of fog
 v - a scroll of fear
 x - a scroll of identify
 y - a scroll of acquirement {unknown}
Potions
 b - 2 potions of magic
 e - 2 potions of curing
 g - 2 potions of cancellation
 h - a potion of haste
 j - a potion of might
 k - a potion of attraction
 l - a potion of invisibility
 m - a potion of flight {unknown}


   Skills:
 - Level 4.2 Fighting
 - Level 5.5 Staves
 + Level 2.2 Dodging
 - Level 1.5 Stealth
 - Level 7.4 Spellcasting


You had one spell level left.
You knew the following spells:

 Your Spells              Type           Power      Damage    Failure   Level
a - Necrotise             Necr           100%       1d9       1%          1
b - Vampiric Draining     Necr           39%        2d8       1%          3
c - Momentum Strike       Conj/Tloc      78%        3d10      1%          2
d - Agony                 Necr           39%        N/A       11%         5
e - Magic Dart            Conj           100%       1d8       1%          1
f - Passwall              Tmut/Erth      32%        N/A       1%          2
g - Hailstorm             Conj/Ice       39%        3d9       1%          3
A - Animate Dead          Necr           39%        N/A       4%          4
Your spell library was empty.

Dungeon Overview and Level Annotations

Branches:
Dungeon (7/15) Zot: 26884   Sewer (visited)
 Temple: D:4-7

Altars:
Cheibriados
Hepliaklqana
Makhleb

Shops:
D:1 [   D:5 ?


Innate Abilities, Weirdness & Mutations

You are immune to sickness and miasma.
You are immune to poison.
Your flesh is very heat resistant. (rF++)
You are vulnerable to cold. (rC-)
You float through the air rather than walking.
You learn spells naturally, not from books.
Your magical power is your life essence.
You have superior vitality. (+4 MHP)


Message History

An ice beast comes into view.
The crimson imp blinks!
An orc comes into view. It is wielding a +0 war axe.
The crimson imp blinks!
Found a stone staircase leading up.
The crimson imp blinks!
The crimson imp blinks!
The crimson imp blinks!
An orc comes into view. It is wielding a +0 club.
Found a scale mail.
The orc shouts!
The ice beast attacks as you move away! The ice beast misses you.
An orc wizard comes into view. It is wielding a +0 dagger.
The orc completely misses you.
There is a stone staircase leading up here.
The ice beast hits you. The ice beast freezes you!
You feel a terrible chill! The orc hits you with a +0 war axe.
* * * LOW HITPOINT WARNING * * *
You fly upwards.
There is a stone staircase leading down here.
Casting: Necrotise (safe; 1% risk of failure)
Confirm with . or Enter, or press ? or * to list all spells.
Aiming: Vampiric Draining (safe; 1% risk of failure)
Press: ? - help, Shift-Dir - straight line, f - orc
Aim: an orc, wielding a +0 war axe and wearing a +0 scale mail You draw life force from the orc!
You kill the orc!
You feel life coursing into your body.
* * * LOW HITPOINT WARNING * * *
The ice beast closely misses you.
Casting: Vampiric Draining (safe; 1% risk of failure)
Confirm with . or Enter, or press ? or * to list all spells.
Aiming: Vampiric Draining (safe; 1% risk of failure)
Press: ? - help, Shift-Dir - straight line, f - ice beast
Aim: an ice beast You draw life force from the ice beast.
You feel life coursing into your body.
* * * LOW HITPOINT WARNING * * *
The ice beast hits you.
* * * LOW HITPOINT WARNING * * *
The ice beast freezes you!!
You feel a terrible chill!
You die...

..#.# #..........###.#..##..
..#[# #####.......##.#......
..#[# ##................#
..#.#### ####.........#.##.....
.......#####..............##.....
.......#.....###......##.........
.........##### #.........#......<
#......##### #.......###.#.....
#..........#####@)....####.......
................Y................
.....#####.###<#####...........÷.
#....## ##.##..###...###.........
#.#...###.....(##..####.......#..
#.#........>......## #.<........
#.#..............## #........#.
#.#.##............# ##.......#.
#.#.##...##..####.#####.......##.


You could see an ice beast.

Vanquished Creatures
  Sigmund (D:5)
  A water moccasin (D:5)
  2 ice beasts (D:5)
  2 black bears
  A centaur (D:7)
  A phantom (D:5)
  A kobold brigand (D:6)
  4 bullfrogs
  A necrophage (D:6)
  A gnoll sergeant (D:7)
  2 howler monkeys
  2 hounds
  An orc priest (D:7)
  A jelly (D:5)
  An iguana (D:5)
  Terence (D:3)
  4 orc wizards
  3 adders
  8 gnolls
  A shadow imp (D:5)
  5 white imps
  An ufetubus (D:5)
  5 worms (D:3)
  2 dart slugs
  8 orcs
  5 bats
  9 endoplasms
  9 giant cockroaches
  4 goblins
  4 hobgoblins
  15 quokkas
  20 ball pythons
  7 frilled lizards
  14 kobolds
  10 rats
157 creatures vanquished.

Vanquished Creatures (collateral kills)
  A dart slug (D:1)
  A bat (D:2)
  A giant cockroach (D:2)
  A goblin (D:2)
  A ball python (D:2)
  2 rats (D:1)
7 creatures vanquished.

Grand Total: 164 creatures vanquished

Notes
Turn   | Place    | Note
-------+----------+-------------------------------------------
     0 | D:1      | holysushi the Djinni Necromancer began the quest for the
                  | Orb.
     0 | D:1      | holysushi set off with the following spells memorised:
                  | Necrotise, Vampiric Draining, Animate Dead, Agony.
     0 | D:1      | Reached XP level 1. HP: 15/15 MP: 0/0
     9 | D:1      | Found Pouw Eci's Antique Armour Shoppe.
    60 | D:1      | Reached skill level 1 in Fighting
   121 | D:1      | Reached XP level 2. HP: 21/22 MP: 0/0
   535 | D:1      | Reached XP level 3. HP: 25/29 MP: 0/0
   535 | D:1      | Learned a level 1 spell: Magic Dart
   671 | D:1      | Found a faded altar of an unknown god.
   957 | D:2      | Reached XP level 4. HP: 31/35 MP: 0/0
  1367 | D:2      | Upgraded the game from 0.30-a0-691-g754fce4c43 to
                  | 0.30-a0-696-g2367cd04db
  1385 | D:3      | Noticed Terence
  1403 | D:3      | Killed Terence
  1404 | D:3      | Reached XP level 5. HP: 41/41 MP: 0/0
  1404 | D:3      | Learned a level 2 spell: Momentum Strike
  2196 | D:3      | Found a snail-covered altar of Cheibriados.
  2455 | D:4      | Found a glowing drain.
  2480 | Sewer    | Entered a sewer
  2772 | Sewer    | Noticed a bullfrog
  2772 | Sewer    | Noticed a bullfrog
  2775 | Sewer    | Reached skill level 4 in Spellcasting
  2781 | Sewer    | Killed a bullfrog
  2782 | Sewer    | Reached XP level 6. HP: 31/47 MP: 0/0
  3375 | D:5      | Entered Level 5 of the Dungeon
  3375 | D:5      | Noticed an ice beast
  3380 | D:5      | Killed an ice beast
  3381 | D:5      | Reached skill level 5 in Spellcasting
  3381 | D:5      | Reached XP level 7. HP: 41/52 MP: 0/0
  3381 | D:5      | Learned a level 2 spell: Passwall
  3424 | D:5      | Noticed Sigmund
  3426 | D:5      | Killed Sigmund
  3427 | D:5      | Noticed a water moccasin
  3431 | D:5      | Killed a water moccasin
  3432 | D:5      | Reached skill level 6 in Spellcasting
  3458 | D:5      | Reached XP level 8. HP: 31/58 MP: 0/0
  3909 | D:5      | Reached skill level 7 in Spellcasting
  3948 | D:5      | Found Wukhu's Magic Scroll Boutique.
  3952 | D:5      | Bought a scroll of teleportation for 42 gold pieces
  4068 | D:5      | Found a burning altar of Makhleb.
  4355 | D:6      | HP: 1/58 [white imp/puff of frost (15)]
  4565 | D:5      | Bought a scroll of enchant weapon for 105 gold pieces
  4612 | D:6      | Reached skill level 1 in Staves
  4799 | D:6      | Reached XP level 9. HP: 45/62 MP: 0/0
  4799 | D:6      | Learned a level 3 spell: Hailstorm
  5073 | D:6      | Found a hazy altar of Hepliaklqana.
  5115 | D:7      | Reached skill level 5 in Staves
  5219 | D:6      | Mangled by an ice beast

Illustrated notes

Levels and vault maps discovered:
D:1:      dpeg_arrival_ratfight, layout_rooms, shapermc_ecumenical_altar_venn,
          serial_shops, nicolae_shop_statue_plus, kennysheep_minor_cross,
          hangedman_abyss_or_decor_stabs
D:2:      layout_rooms
D:3:      layout_loops_corners, mainiacjoe_overflow_alcove_2,
          palyth_stone_intersect, hangedman_decor_points, nicolae_wormholes,
          uniq_terence
D:4:      layout_loops_ring, portal_sewer_entry_f,
          hangedman_decor_clover_reticule
D:5:      layout_cave_pools, makhleb_heckhound_becter, serial_shops,
          nicolae_stop_n_shop_2, serial_bayou_ford_a, uniq_sigmund
D:6:      layout_rooms, kennysheep_mini, lemuel_coloured_pillars_altar,
          chequers_avenue, nicolae_kite_square_tiling_tiny
D:7:      layout_rooms, nicolae_sif_muna_condensation,
          minmay_temple_entry_wispy, minmay_nine_imps, uniq_crazy_yiuf_cottage,
          uniq_duvessa

Skill      XL: |  1  2  3  4  5  6  7  8  9 |
---------------+----------------------------+-----
Fighting       | 1 2 3 4 |  4.2
Spellcasting   | 4 5 6 7 |  7.4
Staves         | 3 5 |  5.5
Dodging        | |  2.2
Stealth        | |  1.5

Action                   |  1- 3 |  4- 6 |  7- 9 || total
-------------------------+-------+-------+-------++-------
Melee: Dagger            |     1 |       |       ||     1
       Lajatang          |       |    27 |    42 ||    69
 Cast: Necrotise         |    66 |    48 |    10 ||   124
       Vampiric Draining |       |    58 |    48 ||   106
       Momentum Strike   |       |     1 |    13 ||    14
       Hailstorm         |       |       |    10 ||    10
  Use: Scroll            |       |    10 |     6 ||    16
       Potion            |       |       |     1 ||     1
 Stab: Sleeping          |       |     1 |       ||     1
Armor: Robe              |     7 |    11 |    19 ||    37
Dodge: Dodged            |    19 |    38 |    68 ||   125
Block: Other             |     3 |    22 |    16 ||    41
       Reflection        |     1 |       |       ||     1

Table legend: (Time is in decaauts)
 A = Elapsed time spent in this place.
 B = Non-inter-level travel time spent in this place.
 C = Inter-level travel time spent in this place.
 D = Time resting spent in this place.
 E = Time spent auto-exploring this place.
 F = Levels seen in this place.
 G = Mean time per level.
                   A        B        C        D        E       F      G
               +--------+--------+--------+--------+--------+-----+--------+
         Total |   5247 |   5080 |    167 |    905 |   2617 |   8 |  655.9 |
       Dungeon |   4842 |   4675 |    167 |    718 |   2617 |   7 |  691.7 |
         Sewer |    405 |    405 |      0 |    187 |      0 |   1 |  405.0 |
               +--------+--------+--------+--------+--------+-----+--------+

Top non-repeatable levels by time:
     D:5: 896 daAuts
     D:3: 877 daAuts
     D:6: 854 daAuts
     D:4: 722 daAuts
     D:2: 704 daAuts
     D:1: 674 daAuts
   Sewer: 405 daAuts
     D:7: 112 daAuts
